 Dungeon Crawl Stone Soup version 0.19.1 (webtiles) character file.

119 kae the Insei (level 4, 0/36 HPs)
             Began as a Demonspawn Monk on Dec 17, 2016.
             Slain by a river rat (4 damage)
             ... on level 3 of the Dungeon.
             The game lasted 00:03:33 (2189 turns).

kae the Insei (Demonspawn Monk)                     Turns: 2189, Time: 00:03:34

Health: 0/36       AC:  6    Str: 11    XL:     4   Next: 73%
Magic:  4/4        EV: 14    Int: 11    God:
Gold:   203        SH:  0    Dex: 17    Spells: 0 memorised, 3 levels left

rFire  . . .     SeeInvis .       - Unarmed
rCold  . . .     Gourm    .     a - +0 robe
rNeg   . . .     Faith    .     (no shield)
rPois  .         Spirit   .     (no helmet)
rElec  .         Reflect  .     f - +0 cloak
rCorr  .         Harm     .     d - +0 pair of gloves
MR     .....                    (no boots)
Stlth  +++.......               (no amulet)
                                (no ring)
                                (no ring)

@: no status effects
A: talons 1, icy blue scales 1, nightstalker 1
a: no special abilities


You were on level 3 of the Dungeon.
You were not hungry.

You visited 1 branch of the dungeon, and saw 3 of its levels.

You collected 203 gold pieces.

Inventory:

Armour
 a - a +0 robe (worn)
 d - a +0 pair of gloves (worn)
 f - a +0 cloak (worn)
Jewellery
 i - an uncursed amulet of guardian spirit {unknown}
Scrolls
 e - a scroll of enchant weapon
Potions
 c - 3 potions of curing
 g - a potion of degeneration
 k - 3 potions of flight
 m - a potion of magic {unknown}
Comestibles
 b - 3 bread rations
 h - 2 fruits
 j - 2 chunks of flesh
 l - a royal jelly


   Skills:
 + Level 3.6 Fighting
 + Level 3.4 Dodging
 - Level 1.7 Stealth
 * Level 4.1 Unarmed Combat


You had 3 spell levels left.
You didn't know any spells.

Dungeon Overview and Level Annotations

Branches:
Dungeon (3/15)

Altars:

Portals:
Sewer: D:3


Innate Abilities, Weirdness & Mutations

You have sharp toenails.
You are partially covered in icy blue scales. (AC +2)
You are slightly more attuned to the shadows.


Message History

The river rat is lightly wounded.
The river rat bites you.
You hit the river rat but do no damage. Your kick misses the river rat.
The river rat is lightly wounded.
The river rat closely misses you.
You closely miss the river rat.
You claw the river rat, but do no damage.
The river rat is lightly wounded.
The river rat bites you!
* * * LOW HITPOINT WARNING * * *
You hit the river rat.
The river rat is moderately wounded.
You hit the river rat but do no damage.
The river rat is moderately wounded.
You hear the rusting of a drain.
The river rat closely misses you.
You punch the river rat!
The river rat is almost dead.
The river rat bites you.
You die...

##########
#.≈≈≈@≈≈≈#
#..≈≈#r∩≈#
##.≈≈≈#≈≈≈#
#...≈≈##+##
#....≈≈≈≈≈#
#........≈#
#.......≈.#
##.........#
#.[.....####


You could see a river rat.

Vanquished Creatures
  3 adders
  A river rat (D:3)
  An ooze (D:1)
  2 worms (D:3)
  4 dart slugs
  2 leopard geckos
  An orc (D:3)
  3 bats
  2 giant cockroaches (D:2)
  7 goblins
  4 hobgoblins
  2 jackals (D:1)
  A quokka (D:3)
  3 ball pythons
  3 frilled lizards
  7 kobolds
  22 rats
68 creatures vanquished.

Notes
Turn   | Place    | Note
-------+----------+-------------------------------------------
     0 | D:1      | kae the Demonspawn Monk began the quest for the Orb.
     0 | D:1      | Reached XP level 1. HP: 18/18 MP: 1/1
   277 | D:1      | Reached skill level 3 in Unarmed Combat
   277 | D:1      | Gained mutation: You are slightly more attuned to the shadows. [demonic ancestry]
   277 | D:1      | Reached XP level 2. HP: 24/24 MP: 2/2
   738 | D:1      | Gained mutation: You have sharp toenails. [demonic ancestry]
   738 | D:1      | Reached XP level 3. HP: 25/29 MP: 3/3
  1470 | D:2      | Gained mutation: You are partially covered in icy blue scales. (AC +2) [demonic ancestry]
  1470 | D:2      | Reached XP level 4. HP: 30/35 MP: 4/4
  2108 | D:3      | Reached skill level 4 in Unarmed Combat
  2175 | D:3      | Found a glowing drain.
  2189 | D:3      | Slain by a river rat

Skill      XL: |  1  2  3  4 |
---------------+-------------+-----
Unarmed Combat | 3 4 |  4.1
Dodging        | 3 |  3.4
Fighting       | |  3.6
Stealth        | |  1.7

Action                   |  1- 3 |  4- 6 || total
-------------------------+-------+-------++-------
Melee: Unarmed           |   120 |   115 ||   235
       Punch             |     3 |     4 ||     7
       Kick              |    12 |    28 ||    40
  Use: Scroll            |     4 |     3 ||     7
 Stab: Sleeping          |    12 |       ||    12
  Eat: Chunk             |     2 |     2 ||     4
Armor: Robe              |    12 |    14 ||    26
Dodge: Dodged            |    64 |    63 ||   127
